 Dungeon Crawl Stone Soup version 0.29.1-12-g30fa7ad0bf (webtiles) character file.

Game seed: 17635401371366427572

436 MacCMillion the Chiller (level 7, -3/46 HPs)
             Began as a Merfolk Ice Elementalist on Jan 15, 2023.
             Slain by a yak (8 damage)
             ... on level 5 of the Dungeon.
             The game lasted 00:10:09 (5747 turns).

MacCMillion the Chiller (Merfolk Ice Elementalist)  Turns: 5747, Time: 00:10:10

Health: -3/46      AC:  3    Str:  9    XL:     7   Next: 1%
Magic:  11/11      EV: 12    Int: 16    God:
Gold:   157        SH:  0    Dex: 14    Spells: 5/12 levels left

rFire   . . .      SeeInvis .   n - +5 dagger
rCold   . . .      Faith    .   (no shield)
rNeg    . . .      Spirit   .   a - +0 robe
rPois   .          Reflect  .   h - +0 helmet
rElec   .          Harm     .   (no cloak)
rCorr   .          Rampage  .   (no gloves)
Will    .....                   (no boots)
Stlth   +++.......              d - amulet of magic regeneration
HPRegen 0.15/turn               D - ring of flight
MPRegen 0.52/turn               (no ring)

@: lethally poisoned (-3 -> -12), about to teleport, flying
A: (nimble swimmer 2), mertail
a: no special abilities


You were on level 5 of the Dungeon.
You visited 1 branch of the dungeon, and saw 5 of its levels.

You collected 157 gold pieces.

Inventory:

Hand Weapons
 c - a +0 dagger
 g - a +0 arbalest
 j - a +0 sling
 n - a +5 dagger (weapon)
 y - a +1 mace of holy wrath
Missiles
 u - 6 atropa-tipped darts
 w - 3 boomerangs
 A - 4 poisoned darts
Armour
 a - a +0 robe (worn)
 h - a +0 helmet (worn)
 r - the +0 leather armour of Complete Protection {rF+}
   (You found it on level 3 of the Dungeon)

   rF:        It protects you from fire.
Jewellery
 d - an amulet of magic regeneration (around neck)
 D - a ring of flight (left hand)
Wands
 s - a wand of roots (4)
Scrolls
 i - 2 scrolls of identify
 k - 2 scrolls of poison
 l - 2 scrolls of silence
 o - a scroll of enchant weapon
 p - a scroll of vulnerability {unknown}
 q - a scroll of acquirement {unknown}
 t - a scroll of teleportation
 x - a scroll of fear {unknown}
 B - a scroll of fog {unknown}
 C - a scroll of amnesia {unknown}
Potions
 b - a potion of magic
 e - a potion of degeneration {unknown}
 f - 3 potions of curing {unknown}
 m - a potion of attraction {unknown}
 v - a potion of haste {unknown}
 z - a potion of ambrosia {unknown}


   Skills:
 - Level 2.6 Dodging
 - Level 5.0 Stealth
 * Level 3.1 Spellcasting
 + Level 7.2 Ice Magic


You had 5 spell levels left.
You knew the following spells:

 Your Spells              Type           Power      Damage    Failure   Level
a - Freeze                Ice            100%       1d11      1%          1
b - Frozen Ramparts       Ice            50%        1d8       2%          3
c - Ozocubu's Armour      Ice            25%        N/A       2%          3

Your spell library contained the following spells:

 Spells                   Type           Power      Damage    Failure   Level
 Hailstorm                Conj/Ice       14%        3d5       38%         4
 Ignite Poison            Fire/Tmut/Pois 2%         N/A       50%         3
 Mephitic Cloud           Conj/Pois/Air  2%         N/A       50%         3
 Freezing Cloud           Conj/Ice/Air   5%         6-21      88%         5
 Ozocubu's Refrigeration  Ice            12%        4d10      100%        7


Dungeon Overview and Level Annotations

Branches:
Dungeon (5/15)
 Temple: D:4-7

Altars:

Annotations:
D:5 Edmund, Menkaure


Innate Abilities, Weirdness & Mutations

((You are very nimble when in or above water. (Stealth+, EV+, Speed+++)))
Your lower body shifts to a powerful aquatic tail in water.


Message History

The ufetubus hits the demonic plant.
A yak comes into view.
The white imp misses you.
The ufetubus hits the demonic plant. x2
As you read the scroll labelled ZINWYHA FIHAMN, it crumbles to dust.
It is a scroll of identify.
l - 2 scrolls of silence The ufetubus hits the demonic plant. x2; The white imp closely misses you.
The air fills with toxic fumes!
As you read the scroll labelled RIHASSUREN, it crumbles to dust.
It was a scroll of poison.
The ufetubus hits the demonic plant. x2
The yak gores you but does no damage. The white imp gestures at you.
The puff of frost hits you.
The ufetubus hits the demonic plant. x2
Okay, then.
As you read the scroll labelled FOSHEQ LOUFOD, it crumbles to dust.
It is a scroll of enchant weapon.
Your +4 dagger glows red for a moment.
The ufetubus hits the demonic plant. x2
The yak is engulfed in poison gas.
The yak is poisoned.
Edmund is engulfed in poison gas.
Edmund is poisoned.
The yak closely misses you. The white imp barely misses you.
As you read the scroll labelled YPAFIFRUOSY, it crumbles to dust.
You feel strangely unstable.
It was a scroll of teleportation.
The ufetubus hits the demonic plant. x2; The yak is engulfed in poison gas.
The yak looks even sicker.
The yak barely misses you. The yak completely misses you.
Edmund is engulfed in poison gas.
Edmund looks even sicker.
The white imp misses you.
The ufetubus hits the demonic plant. x2
Okay, then.
Your icy armour will break if you move.
Continue?
Really fly into that cloud of poison gas? [Y]es or [N]o only, please.
Really fly into that cloud of poison gas?
Your icy armour cracks and falls away as you move.
You are engulfed in poison gas.
You are poisoned.
* * * LOW HITPOINT WARNING * * *
x2 You feel very sick.
A nearby demonic plant withers and dies.
The yak looks even sicker.
The yak gores you!
You die...

... ....# ... ...§# ...
## ##s.§§##..# .### §§§
...§§§.#..##.### §§§§
..§§§§.+..... #. §.§§P
.§§§§§.#.... #.
§5§§§§###§§§§§§. #..# #.
#P§Po@5Y@#########..####.
§§.§§§§Y§§§§§§§..#.......
§§#§§§§#§§§§§§§..'...^...
#§§.§#§§§§§§§..#.......
#§§§§########'######..#
§§§§§§ ..... .... §§§§§§§
.......#..### §§§§§§§
.........#.. .........##.


You could see Edmund (very poisoned), 2 yaks, a scorpion, a white imp, an orc
and an ufetubus.

Vanquished Creatures
  3 scorpions
  2 iguanas
  An orc wizard (D:3)
  5 adders
  2 white imps (D:5)
  2 ufetubi (D:4)
  12 orcs
  8 endoplasms
  5 giant cockroaches
  9 goblins
  5 hobgoblins
  10 jackals
  5 kobolds
  3 quokkas
  11 ball pythons
  7 bats
  2 frilled lizards
  4 rats
96 creatures vanquished.

Vanquished Creatures (others)
  3 demonic plants (D:5)
3 creatures vanquished.

Grand Total: 99 creatures vanquished

Notes
Turn   | Place    | Note
-------+----------+-------------------------------------------
     0 | D:1      | MacCMillion the Merfolk Ice Elementalist began the quest
                  | for the Orb.
     0 | D:1      | Reached XP level 1. HP: 13/13 MP: 3/3
   466 | D:1      | Reached XP level 2. HP: 19/19 MP: 1/5
   551 | D:1      | Reached skill level 5 in Ice Magic
  1227 | D:2      | Found a faded altar of an unknown god.
  1265 | D:2      | Reached XP level 3. HP: 23/24 MP: 2/6
  1378 | D:2      | Learned a level 3 spell: Frozen Ramparts
  2672 | D:3      | Reached skill level 6 in Ice Magic
  2745 | D:3      | Reached XP level 4. HP: 30/30 MP: 4/7
  2802 | D:3      | Identified the +0 leather armour of Complete Protection
                  | {rF+}
  3175 | D:3      | Learned a level 3 spell: Ozocubu's Armour
  3608 | D:4      | Noticed a scorpion
  3666 | D:4      | Killed a scorpion
  3667 | D:4      | Reached skill level 7 in Ice Magic
  3667 | D:4      | Reached XP level 5. HP: 26/35 MP: 1/8
  3954 | D:4      | Reached XP level 6. HP: 39/41 MP: 1/9
  4429 | D:4      | Reached skill level 5 in Stealth
  5015 | D:5      | Entered Level 5 of the Dungeon
  5332 | D:5      | Reached XP level 7. HP: 6/46 MP: 11/11
  5695 | D:5      | Noticed Menkaure
  5740 | D:5      | Noticed a yak
  5740 | D:5      | Noticed a yak
  5740 | D:5      | Noticed Edmund
  5742 | D:5      | Noticed a yak
  5747 | D:5      | Slain by a yak

Illustrated notes

Levels and vault maps discovered:
D:1:      sevenhm_arrival_forest_fort_large_3, layout_loops_ring,
          corexii_leaking_fountain, minmay_pentomino_o4
D:2:      layout_basic, nicolae_ecumenical_pavilion
D:3:      layout_basic
D:4:      layout_cave_pools, minmay_bisected
D:5:      layout_gridville, serial_demonic, serial_demonic_c, serial_demonic_f,
          serial_demonic_c, serial_demonic_g, minmay_diced_spiral,
          uniq_menkaure, uniq_edmund, uniq_eustachio

Skill      XL: |  1  2  3  4  5  6 |
---------------+-------------------+-----
Ice Magic      | 5 6 7 |  7.2
Stealth        | 4 5 |  5.0
Spellcasting   | 3 |  3.1
Dodging        | |  2.6

Action                   |  1- 3 |  4- 6 |  7- 9 || total
-------------------------+-------+-------+-------++-------
Melee: Dagger            |    26 |    57 |     3 ||    86
Throw: Dart              |       |     3 |       ||     3
 Cast: Freeze            |    43 |    25 |     1 ||    69
       Frozen Ramparts   |     3 |    21 |       ||    24
       Ozocubu's Armour  |       |     6 |     1 ||     7
  Use: Scroll            |       |       |     4 ||     4
 Stab: Sleeping          |     7 |     3 |       ||    10
Armor: Robe              |    14 |    24 |     2 ||    40
Dodge: Dodged            |    28 |    44 |     8 ||    80
